WCHLSIM.com - West Coast Hockey League
html PUBLIC "-//W3C//DTD XHTML 1.0 Transitional//EN" "http://www.w3.org/TR/xhtml1/DTD/xhtml1-transitional.dtd"> WCHL - Game 219 - ANCHORAGE ACES vs TEXAS TOROS

ANCHORAGE ACES vs TEXAS TOROS

Created - 15 novembre 2021 at 21:58

Goals
1 2 3 T
ANCHORAGE ACES 1 0 1 2
TEXAS TOROS 0 0 1 1
Shots
1 2 3 T
ANCHORAGE ACES 12 6 11 29
TEXAS TOROS 9 8 7 24

1st period

1. ANCHORAGE ACES , Nathan MacKinnon 8 (Connor McDavid 7) at 19:22

Penalties :
Gabriel Carlsson (TEX) for Cross-checking (Minor) at 0:12, Gabriel Carlsson (TEX) for Cross-checking (Minor) at 4:40, Ben Chiarot (ANC) for Hooking (Minor) at 8:09, Madison Bowey (TEX) for Hooking (Minor) at 10:50

2nd period

No Goal

Penalties :
Ben Chiarot (ANC) for Hooking (Minor) at 5:18

3rd period

2. ANCHORAGE ACES , Nikolaj Ehlers 2 (Phillip Danault 4) at 6:19
3. TEXAS TOROS , Wade Allison 5 (Jason Zucker 3, Dante Fabbro 3) at 18:23

Penalties :
No Penalty

Goalie Stats

Darcy Kuemper (ANC), 23 saves from 24 shots - (0,958), W, 7-3-0, 60:00 minutes
Mikko Koskinen (TEX), 27 saves from 29 shots - (0,931), L, 3-10-0, 59:02 minutes

Players Stats for ANCHORAGE ACES

Player Name              G  A  P  +/- PIM S  H  SB GA TA FO     MP     PP MP  PK MP  
------------------------------------------------------------------------------------
Artturi Lehkonen         0  0  0   0  0   4  1  0  0  0  1/1    12:24   0:00   2:03 
Ben Chiarot              0  0  0   1  4   0  1  0  0  0  0/0    20:39   3:11   0:00 
Carl Gunnarsson          0  0  0   1  0   0  0  0  0  0  0/0    15:59   0:06   0:03 
Cedric Paquette          0  0  0   0  0   0  0  0  0  0  0/0     5:10   0:00   0:00 
Charlie Coyle            0  0  0   0  0   1  0  0  0  0  6/12   12:33   0:00   2:12 
Chris Kreider            0  0  0   1  0   4  1  0  0  0  2/2    20:56   3:12   0:00 
Connor McDavid           0  1  1   1  0   2  0  0  0  0  20/26  20:29   2:45   0:00 
Jordan Martinook         0  0  0   0  0   0  0  0  0  0  0/1    11:52   0:00   1:06 
Josh Bailey              0  0  0   0  0   1  1  0  0  0  0/1    20:11   3:12   0:00 
Michael Frolik           0  0  0   0  0   0  0  0  0  0  0/0     5:59   0:00   0:49 
Nate Thompson            0  0  0   0  0   1  0  0  0  0  10/13   6:56   0:00   1:46 
Nathan MacKinnon         1  0  1   1  0   3  0  1  0  0  0/0    20:54   2:45   0:00 
Nikolaj Ehlers           1  0  1   0  0   11 1  0  0  0  0/1    19:10   2:45   0:00 
Patrik Nemeth            0  0  0  -1  0   0  2  0  0  0  0/0    22:01   3:05   2:45 
Phillip Danault          0  1  1   0  0   1  0  0  0  0  21/35  20:02   3:12   0:00 
Robert Bortuzzo          0  0  0   1  0   0  4  1  0  0  0/0    14:50   0:00   0:00 
Seth Jones               0  0  0   1  0   1  0  1  0  0  0/0    22:13   2:46   1:57 
Zachary Werenski         0  0  0  -1  0   0  0  1  0  0  0/0    23:42   2:46   3:11 

Players Stats for TEXAS TOROS

Player Name              G  A  P  +/- PIM S  H  SB GA TA FO     MP     PP MP  PK MP  
------------------------------------------------------------------------------------
Alex Chiasson            0  0  0  -1  0   1  0  0  0  0  1/12    6:42   0:00   0:00 
Connor Bunnaman          0  0  0  -1  0   0  0  1  0  0  10/24  16:11   1:51   0:00 
Dante Fabbro             0  1  1  -1  0   0  1  2  0  0  0/0    22:08   1:43   2:49 
Eetu Luostarinen         0  0  0   1  0   2  0  0  0  0  15/30  20:05   2:07   2:31 
Gabriel Carlsson         0  0  0  -1  4   0  0  1  0  0  0/0    20:44   1:43   0:58 
Jake Virtanen            0  0  0  -1  0   3  2  0  0  0  0/1    16:23   1:51   0:00 
Jason Zucker             0  1  1   1  0   1  0  0  0  0  1/8    21:12   2:07   3:26 
Madison Bowey            0  0  0   0  2   0  0  1  0  0  0/0    15:29   0:00   1:32 
Mike Hardman             0  0  0  -1  0   0  1  0  0  0  0/0     6:39   0:00   0:00 
Miles Wood               0  0  0  -1  0   4  0  0  0  0  0/1    19:34   1:51   3:26 
Nate Schmidt             0  0  0   0  0   0  0  1  0  0  0/0    14:24   0:00   0:00 
Richard Panik            0  0  0  -1  0   2  0  0  0  0  0/0     6:39   0:00   0:00 
Ryan Poehling            0  0  0   0  0   0  0  0  0  0  4/12   13:27   0:00   0:00 
Taro Hirose              0  0  0   0  0   1  0  0  0  0  1/3    13:39   0:00   0:00 
Taylor Raddysh           0  0  0   0  0   0  2  0  0  0  0/0    13:27   0:00   0:00 
Tyson Barrie             0  0  0   0  0   5  0  1  0  0  0/0    23:28   2:15   3:08 
Vince Dunn               0  0  0   0  0   0  0  3  0  0  0/0    23:44   2:15   3:27 
Wade Allison             1  0  1   1  0   5  2  0  0  0  0/1    20:05   2:07   2:31 

3 Stars

1 - Wade Allison (TEX)
2 - Nathan MacKinnon (ANC)
3 - Darcy Kuemper (ANC)

Power Play

ANCHORAGE ACES - 0 on 3 Attempt(s) - 0,00%
TEXAS TOROS - 0 on 2 Attempt(s) - 0,00%

Penalty Kill

ANCHORAGE ACES - 2 on 2 Attempt(s) - 100,00% - Score 0 goal in Penalty Kill
TEXAS TOROS - 3 on 3 Attempt(s) - 100,00% - Score 0 goal in Penalty Kill

Team Stat

ANCHORAGE ACES - Hits : 11 - Faceoff Wins : 60 - Blocked Shots : 4 - Penalty Minutes : 4
TEXAS TOROS - Hits : 8 - Faceoff Wins : 32 - Blocked Shots : 10 - Penalty Minutes : 6

Official

Referees : Corey Syvret and Gord Dwyer
Linesman : Brent Colby and Tony Sericolo

Game Notes

No Game Note

Finance

Level 1 -- Attendance: 4603 (70,82%) -- Ticket Income 782 510 $
Level 2 -- Attendance: 4063 (73,87%) -- Ticket Income 487 560 $
Level 3 -- Attendance: 2078 (69,27%) -- Ticket Income 187 020 $
Level 4 -- Attendance: 4137 (82,74%) -- Ticket Income 248 220 $
Luxury Box -- Attendance: 615 (61,50%) -- Ticket Income 246 000 $
Game was played at the Red Bull Arena.
Total Attendance: 15496 (73,79%)
Total Ticket Income: 1 951 310 $
Other Expense: 19 513 $
Total Income: 1 931 797 $

ANCHORAGE ACES

5 vs 5 Forward 
   Center                   Left Wing                Right Wing               Time % Phy DF OF 
 1 Phillip Danault          Nikolaj Ehlers           Josh Bailey              35     0   0  5  
 2 Connor McDavid           Chris Kreider            Nathan MacKinnon         35     0   0  5  
 3 Charlie Coyle            Jordan Martinook         Artturi Lehkonen         22     1   3  1  
 4 Nate Thompson            Michael Frolik           Cedric Paquette          8      2   3  0  

5 vs 5 Defense 
   Defense                  Defense                                           Time % Phy DF OF 
 1 Seth Jones               Ben Chiarot                                       32     1   2  2  
 2 Zachary Werenski         Patrik Nemeth                                     32     1   2  2  
 3 Robert Bortuzzo          Carl Gunnarsson                                   28     2   3  0  
 4 Zachary Werenski         Carl Gunnarsson                                   8      1   2  2  

PowerPlay Forward 
   Center                   Left Wing                Right Wing               Time % Phy DF OF 
 1 Connor McDavid           Nikolaj Ehlers           Nathan MacKinnon         55     1   2  2  
 2 Phillip Danault          Chris Kreider            Josh Bailey              45     1   2  2  

PowerPlay Defense
   Defense                  Defense                                           Time % Phy DF OF 
 1 Seth Jones               Zachary Werenski                                  50     1   2  2  
 2 Ben Chiarot              Patrik Nemeth                                     50     1   2  2  

Penalty Kill 4 Players Forward 
   Center                   Wing                     Time % Phy DF OF 
 1 Charlie Coyle            Artturi Lehkonen         55     1   2  2  
 2 Nate Thompson            Jordan Martinook         45     1   2  2  

Penalty Kill 4 Players Defense
   Defense                  Defense                  Time % Phy DF OF 
 1 Zachary Werenski         Ben Chiarot              55     1   2  2  
 2 Seth Jones               Patrik Nemeth            45     1   2  2  

Penalty Kill - 3 Players Forward 
   Forward                                           Time % Phy DF OF 
 1 Nate Thompson                                     55     1   2  2  
 2 Charlie Coyle                                     45     1   2  2  

Penalty Kill - 3 Players Defense
   Defense                  Defense                  Time % Phy DF OF 
 1 Ben Chiarot              Zachary Werenski         55     1   2  2  
 2 Seth Jones               Robert Bortuzzo          45     1   2  2  

4 vs 4 Forward 
   Center                   Wing                     Time % Phy DF OF 
 1 Connor McDavid           Nathan MacKinnon         55     1   2  2  
 2 Nikolaj Ehlers           Josh Bailey              45     1   2  2  

4 vs 4 Defense
   Defense                  Defense                  Time % Phy DF OF 
 1 Zachary Werenski         Ben Chiarot              55     1   2  2  
 2 Seth Jones               Patrik Nemeth            45     1   2  2  

Last Minutes Offensive
   Center                   Left Wing                Right Wing               Defense                  Defense                  
   Nathan MacKinnon         Connor McDavid           Nikolaj Ehlers           Seth Jones               Zachary Werenski         

Last Minutes Defensive
   Center                   Left Wing                Right Wing               Defense                  Defense                  
   Phillip Danault          Jordan Martinook         Nathan MacKinnon         Seth Jones               Zachary Werenski         

Goaltenders
Starting : Darcy Kuemper            
Backup : James Reimer             

Extra Forwards
Normal : Josh Bailey, Nathan MacKinnon, Connor McDavid - PP : Nikolaj Ehlers, Josh Bailey - PK : Nate Thompson
Extra Defensemen
Normal : Zachary Werenski, Seth Jones, Ben Chiarot - PP : Zachary Werenski - PK : Patrik Nemeth, Seth Jones
Penalty Shots
Nathan MacKinnon, Nikolaj Ehlers, Connor McDavid, Josh Bailey, Chris Kreider
Custom OT Lines Forwards
Nathan MacKinnon, Nikolaj Ehlers, Connor McDavid, Josh Bailey, Chris Kreider, Phillip Danault, Charlie Coyle, Artturi Lehkonen, Jordan Martinook, Michael Frolik
Custom OT Lines Defensemen
Zachary Werenski, Seth Jones, Ben Chiarot, Patrik Nemeth, Robert Bortuzzo

Scratches
Brad Richardson (Upper Body Injury)

TEXAS TOROS

5 vs 5 Forward 
   Center                   Left Wing                Right Wing               Time % Phy DF OF 
 1 Eetu Luostarinen         Jason Zucker             Wade Allison             36     1   2  2  
 2 Connor Bunnaman          Miles Wood               Jake Virtanen            31     1   2  2  
 3 Ryan Poehling            Taro Hirose              Taylor Raddysh           23     1   2  2  
 4 Alex Chiasson            Richard Panik            Mike Hardman             10     1   2  2  

5 vs 5 Defense 
   Defense                  Defense                                           Time % Phy DF OF 
 1 Tyson Barrie             Vince Dunn                                        36     1   2  2  
 2 Dante Fabbro             Gabriel Carlsson                                  31     1   2  2  
 3 Madison Bowey            Nate Schmidt                                      23     1   2  2  
 4 Tyson Barrie             Vince Dunn                                        10     1   2  2  

PowerPlay Forward 
   Center                   Left Wing                Right Wing               Time % Phy DF OF 
 1 Eetu Luostarinen         Jason Zucker             Wade Allison             55     1   2  2  
 2 Connor Bunnaman          Miles Wood               Jake Virtanen            45     1   2  2  

PowerPlay Defense
   Defense                  Defense                                           Time % Phy DF OF 
 1 Tyson Barrie             Vince Dunn                                        55     1   2  2  
 2 Dante Fabbro             Gabriel Carlsson                                  45     1   2  2  

Penalty Kill 4 Players Forward 
   Center                   Wing                     Time % Phy DF OF 
 1 Jason Zucker             Miles Wood               55     1   2  2  
 2 Eetu Luostarinen         Wade Allison             45     1   2  2  

Penalty Kill 4 Players Defense
   Defense                  Defense                  Time % Phy DF OF 
 1 Tyson Barrie             Vince Dunn               55     1   2  2  
 2 Dante Fabbro             Gabriel Carlsson         45     1   2  2  

Penalty Kill - 3 Players Forward 
   Forward                                           Time % Phy DF OF 
 1 Jason Zucker                                      55     1   2  2  
 2 Miles Wood                                        45     1   2  2  

Penalty Kill - 3 Players Defense
   Defense                  Defense                  Time % Phy DF OF 
 1 Tyson Barrie             Vince Dunn               55     1   2  2  
 2 Dante Fabbro             Gabriel Carlsson         45     1   2  2  

4 vs 4 Forward 
   Center                   Wing                     Time % Phy DF OF 
 1 Jason Zucker             Miles Wood               55     1   2  2  
 2 Eetu Luostarinen         Wade Allison             45     1   2  2  

4 vs 4 Defense
   Defense                  Defense                  Time % Phy DF OF 
 1 Tyson Barrie             Vince Dunn               55     1   2  2  
 2 Dante Fabbro             Gabriel Carlsson         45     1   2  2  

Last Minutes Offensive
   Center                   Left Wing                Right Wing               Defense                  Defense                  
   Eetu Luostarinen         Jason Zucker             Wade Allison             Tyson Barrie             Vince Dunn               

Last Minutes Defensive
   Center                   Left Wing                Right Wing               Defense                  Defense                  
   Eetu Luostarinen         Jason Zucker             Wade Allison             Tyson Barrie             Vince Dunn               

Goaltenders
Starting : Mikko Koskinen           
Backup : Jakub Skarek             

Extra Forwards
Normal : Jason Zucker, Taro Hirose, Taylor Raddysh - PP : Jason Zucker, Taro Hirose - PK : Taylor Raddysh
Extra Defensemen
Normal : Madison Bowey, Tyson Barrie, Dante Fabbro - PP : Madison Bowey - PK : Vince Dunn, Dante Fabbro
Penalty Shots
Jason Zucker, Miles Wood, Eetu Luostarinen, Wade Allison, Jake Virtanen
Custom OT Lines Forwards
Jason Zucker, Miles Wood, Eetu Luostarinen, Wade Allison, Jake Virtanen, Taro Hirose, Connor Bunnaman, Taylor Raddysh, Ryan Poehling, Alex Chiasson
Custom OT Lines Defensemen
Tyson Barrie, Vince Dunn, Dante Fabbro, Gabriel Carlsson, Madison Bowey

Scratches
Barrett Hayton (Sore Left Knee Injury), Nikita Gusev (Right Foot Injury), Sven Baertschi (Healthy), Trevor Zegras (Herniated Disc Injury), Thomas Schemitsch (Healthy)

% Time on Ice - ANCHORAGE ACES

Lines # - Real PCT - Wanted PCT - Time Play
Normal Forward
1 - 33% - 35% - 16:25
2 - 36% - 35% - 17:44
3 - 21% - 22% - 10:21
4 - 10% - 8% - 5:10
Normal Defense
1 - 35% - 32% - 17:30
2 - 33% - 32% - 16:20
3 - 30% - 28% - 14:50
4 - 2% - 8% - 1:00
PP Forward
1 - 46% - 55% - 2:45
2 - 54% - 45% - 3:12
PP Defense
1 - 46% - 50% - 2:46
2 - 54% - 50% - 3:11
PK Forward
1 - 71% - 55% - 2:48
2 - 29% - 45% - 1:10
PK Defense
1 - 82% - 55% - 3:14
2 - 18% - 45% - 0:44
PK3 Forward
1 - 0% - 55%
2 - 0% - 45%
PK3 Defense
1 - 0% - 55%
2 - 0% - 45%
44 Forward
1 - 0% - 55%
2 - 0% - 45%
44 Defense
1 - 0% - 55%
2 - 0% - 45%
Last Minute Offensive  - 0:00
Last Minute Defensive  - 0:25
Total
Forward - 60:00
Defense - 60:00

% Time on Ice - TEXAS TOROS

Lines # - Real PCT - Wanted PCT - Time Play
Normal Forward
1 - 30% - 36% - 15:02
2 - 29% - 31% - 14:17
3 - 27% - 23% - 13:27
4 - 13% - 10% - 6:39
Normal Defense
1 - 34% - 36% - 17:00
2 - 37% - 31% - 18:05
3 - 28% - 23% - 13:55
4 - 1% - 10% - 0:25
PP Forward
1 - 53% - 55% - 2:07
2 - 47% - 45% - 1:51
PP Defense
1 - 57% - 55% - 2:15
2 - 43% - 45% - 1:43
PK Forward
1 - 58% - 55% - 3:26
2 - 42% - 45% - 2:31
PK Defense
1 - 53% - 55% - 3:08
2 - 47% - 45% - 2:49
PK3 Forward
1 - 0% - 55%
2 - 0% - 45%
PK3 Defense
1 - 0% - 55%
2 - 0% - 45%
44 Forward
1 - 0% - 55%
2 - 0% - 45%
44 Defense
1 - 0% - 55%
2 - 0% - 45%
Last Minute Offensive  - 0:40
Last Minute Defensive  - 0:00
Total
Forward - 60:00
Defense - 60:00

Play-by-Play

1st period


0:01 of 1st period - Phillip Danault wins face-off versus Eetu Luostarinen in neutral zone.
0:06 of 1st period - Shot by Nikolaj Ehlers.
0:06 of 1st period - Stopped by Mikko Koskinen without a rebound.
0:07 of 1st period - Connor McDavid wins face-off versus Connor Bunnaman in TEXAS TOROS zone.
0:12 of 1st period - Shot by Connor McDavid.
0:12 of 1st period - Stopped by Mikko Koskinen without a rebound.
0:12 of 1st period - Minor Penalty to Gabriel Carlsson for Cross-checking.
0:13 of 1st period - Connor McDavid wins face-off versus Jason Zucker in TEXAS TOROS zone.
0:28 of 1st period - Shot by Nathan MacKinnon.
0:28 of 1st period - Shot Blocked by Vince Dunn.
0:30 of 1st period - Shot by Seth Jones.
0:30 of 1st period - Stopped by Mikko Koskinen without a rebound.
0:31 of 1st period - Eetu Luostarinen wins face-off versus Phillip Danault in TEXAS TOROS zone.
0:31 of 1st period - Eetu Luostarinen is hit by Chris Kreider.
1:38 of 1st period - Icing by Connor McDavid.
1:39 of 1st period - Connor McDavid wins face-off versus Eetu Luostarinen in ANCHORAGE ACES zone.
2:17 of 1st period - Shot by Jordan Martinook.
2:17 of 1st period - Deflect By Charlie Coyle.
2:17 of 1st period - Shot Misses the Net.
2:33 of 1st period - Shot by Jake Virtanen.
2:33 of 1st period - Stopped by Darcy Kuemper without a rebound.
2:34 of 1st period - Nate Thompson wins face-off versus Ryan Poehling in ANCHORAGE ACES zone.
2:34 of 1st period - Nate Thompson is hit by Taylor Raddysh.
2:52 of 1st period - Icing by Ben Chiarot.
2:53 of 1st period - Nate Thompson wins face-off versus Connor Bunnaman in ANCHORAGE ACES zone.
3:08 of 1st period - Shot by Michael Frolik.
3:08 of 1st period - Shot Blocked by Nate Schmidt.
3:12 of 1st period - Shot by Cedric Paquette.
3:12 of 1st period - Shot Blocked by Connor Bunnaman.
3:14 of 1st period - Shot by Michael Frolik.
3:14 of 1st period - Deflect By Nate Thompson.
3:14 of 1st period - Stopped by Mikko Koskinen without a rebound.
3:15 of 1st period - Connor McDavid wins face-off versus Eetu Luostarinen in TEXAS TOROS zone.
3:34 of 1st period - Shot by Connor McDavid.
3:34 of 1st period - Deflect By Nathan MacKinnon.
3:34 of 1st period - Shot Misses the Net.
3:42 of 1st period - Icing by Connor McDavid.
3:43 of 1st period - Connor McDavid wins face-off versus Ryan Poehling in ANCHORAGE ACES zone.
3:43 of 1st period - Connor McDavid is hit by Taylor Raddysh.
4:30 of 1st period - Phillip Danault is hit by Dante Fabbro and loses puck.
4:40 of 1st period - Minor Penalty to Gabriel Carlsson for Cross-checking.
4:41 of 1st period - Phillip Danault wins face-off versus Jason Zucker in TEXAS TOROS zone.
4:44 of 1st period - Shot by Josh Bailey.
4:44 of 1st period - Stopped by Mikko Koskinen with a rebound.
4:50 of 1st period - Shot by Chris Kreider.
4:50 of 1st period - Stopped by Mikko Koskinen without a rebound.
4:51 of 1st period - Connor McDavid wins face-off versus Jason Zucker in TEXAS TOROS zone.
7:56 of 1st period - Icing by Artturi Lehkonen.
7:57 of 1st period - Eetu Luostarinen wins face-off versus Charlie Coyle in ANCHORAGE ACES zone.
8:00 of 1st period - Shot by Wade Allison.
8:00 of 1st period - Shot Blocked by Robert Bortuzzo.
8:02 of 1st period - Shot by Eetu Luostarinen.
8:02 of 1st period - Stopped by Darcy Kuemper without a rebound.
8:03 of 1st period - Connor Bunnaman wins face-off versus Phillip Danault in ANCHORAGE ACES zone.
8:09 of 1st period - Minor Penalty to Ben Chiarot for Hooking.
8:10 of 1st period - Nate Thompson wins face-off versus Jason Zucker in ANCHORAGE ACES zone.
8:21 of 1st period - Shot by Tyson Barrie.
8:21 of 1st period - Stopped by Darcy Kuemper with a rebound.
8:23 of 1st period - Shot by Vince Dunn.
8:23 of 1st period - Shot Hit the Post.
8:39 of 1st period - Shot by Jason Zucker.
8:39 of 1st period - Shot Misses the Net.
9:06 of 1st period - Shot by Dante Fabbro.
9:06 of 1st period - Deflect By Miles Wood.
9:06 of 1st period - Stopped by Darcy Kuemper with a rebound.
9:08 of 1st period - Shot by Miles Wood.
9:08 of 1st period - Stopped by Darcy Kuemper without a rebound.
9:09 of 1st period - Connor Bunnaman wins face-off versus Nate Thompson in ANCHORAGE ACES zone.
9:27 of 1st period - Shot by Jake Virtanen.
9:27 of 1st period - Stopped by Darcy Kuemper without a rebound.
9:28 of 1st period - Nate Thompson wins face-off versus Eetu Luostarinen in ANCHORAGE ACES zone.
9:48 of 1st period - Icing by Tyson Barrie.
9:49 of 1st period - Nate Thompson wins face-off versus Jason Zucker in TEXAS TOROS zone.
9:58 of 1st period - Off-side.
9:59 of 1st period - Charlie Coyle wins face-off versus Connor Bunnaman in neutral zone.
10:08 of 1st period - Patrik Nemeth is hit by Jake Virtanen and loses puck.
10:18 of 1st period - Icing by Madison Bowey.
10:19 of 1st period - Ryan Poehling wins face-off versus Phillip Danault in TEXAS TOROS zone.
10:50 of 1st period - Minor Penalty to Madison Bowey for Hooking.
10:51 of 1st period - Jason Zucker wins face-off versus Connor McDavid in TEXAS TOROS zone.
11:04 of 1st period - Off-side.
11:05 of 1st period - Phillip Danault wins face-off versus Jason Zucker in neutral zone.
11:24 of 1st period - Shot by Phillip Danault.
11:24 of 1st period - Deflect By Chris Kreider.
11:24 of 1st period - Stopped by Mikko Koskinen without a rebound.
11:25 of 1st period - Connor McDavid wins face-off versus Eetu Luostarinen in TEXAS TOROS zone.
11:44 of 1st period - Shot by Nikolaj Ehlers.
11:44 of 1st period - Stopped by Mikko Koskinen without a rebound.
11:45 of 1st period - Phillip Danault wins face-off versus Jason Zucker in TEXAS TOROS zone.
11:48 of 1st period - Shot by Josh Bailey.
11:48 of 1st period - Shot Blocked by Tyson Barrie.
14:12 of 1st period - Icing by Madison Bowey.
14:13 of 1st period - Phillip Danault wins face-off versus Ryan Poehling in TEXAS TOROS zone.
14:42 of 1st period - Shot by Wade Allison.
14:42 of 1st period - Deflect By Eetu Luostarinen.
14:42 of 1st period - Stopped by Darcy Kuemper without a rebound.
14:43 of 1st period - Connor McDavid wins face-off versus Connor Bunnaman in ANCHORAGE ACES zone.
14:55 of 1st period - Miles Wood is hit by Robert Bortuzzo.
14:58 of 1st period - Connor Bunnaman is hit by Robert Bortuzzo.
15:14 of 1st period - Shot by Connor Bunnaman.
15:14 of 1st period - Shot Misses the Net.
15:17 of 1st period - Connor Bunnaman is hit by Robert Bortuzzo and loses puck.
15:31 of 1st period - Off-side.
15:32 of 1st period - Eetu Luostarinen wins face-off versus Phillip Danault in neutral zone.
15:39 of 1st period - Shot by Wade Allison.
15:39 of 1st period - Stopped by Darcy Kuemper without a rebound.
15:40 of 1st period - Eetu Luostarinen wins face-off versus Phillip Danault in ANCHORAGE ACES zone.
15:56 of 1st period - Off-side.
15:57 of 1st period - Charlie Coyle wins face-off versus Alex Chiasson in neutral zone.
16:59 of 1st period - Icing by Gabriel Carlsson.
17:00 of 1st period - Connor McDavid wins face-off versus Wade Allison in TEXAS TOROS zone.
17:13 of 1st period - Shot by Connor McDavid.
17:13 of 1st period - Shot Misses the Net.
18:20 of 1st period - Shot by Nikolaj Ehlers.
18:20 of 1st period - Stopped by Mikko Koskinen without a rebound.
18:21 of 1st period - Nate Thompson wins face-off versus Alex Chiasson in TEXAS TOROS zone.
18:29 of 1st period - Icing by Vince Dunn.
18:30 of 1st period - Alex Chiasson wins face-off versus Phillip Danault in TEXAS TOROS zone.
18:46 of 1st period - Off-side.
18:47 of 1st period - Connor McDavid wins face-off versus Miles Wood in neutral zone.
19:00 of 1st period - Shot by Connor McDavid.
19:00 of 1st period - Shot Misses the Net.
19:02 of 1st period - Shot by Connor McDavid.
19:02 of 1st period - Deflect By Chris Kreider.
19:02 of 1st period - Stopped by Mikko Koskinen without a rebound.
19:03 of 1st period - Eetu Luostarinen wins face-off versus Josh Bailey in TEXAS TOROS zone.
19:05 of 1st period - Icing by Tyson Barrie.
19:06 of 1st period - Phillip Danault wins face-off versus Eetu Luostarinen in TEXAS TOROS zone.
19:20 of 1st period - Shot by Phillip Danault.
19:20 of 1st period - Stopped by Mikko Koskinen without a rebound.
19:21 of 1st period - Connor McDavid wins face-off versus Connor Bunnaman in TEXAS TOROS zone.
19:22 of 1st period - Shot by Nathan MacKinnon.
19:22 of 1st period - Goal by Nathan MacKinnon - ANCHORAGE ACES : 1 - TEXAS TOROS : 0.
19:23 of 1st period - Phillip Danault wins face-off versus Eetu Luostarinen in neutral zone.
19:34 of 1st period - Shot by Jason Zucker.
19:34 of 1st period - Stopped by Darcy Kuemper without a rebound.
19:35 of 1st period - Connor McDavid wins face-off versus Connor Bunnaman in ANCHORAGE ACES zone.
Goals for this period are 1 for ANCHORAGE ACES vs 0 for TEXAS TOROS.
Shots for this period are 12 for ANCHORAGE ACES vs 9 for TEXAS TOROS.

2nd period


0:01 of 2nd period - Eetu Luostarinen wins face-off versus Phillip Danault in neutral zone.
0:18 of 2nd period - Shot by Nikolaj Ehlers.
0:18 of 2nd period - Stopped by Mikko Koskinen without a rebound.
0:19 of 2nd period - Connor Bunnaman wins face-off versus Connor McDavid in TEXAS TOROS zone.
3:25 of 2nd period - Icing by Dante Fabbro.
3:26 of 2nd period - Chris Kreider wins face-off versus Alex Chiasson in TEXAS TOROS zone.
4:02 of 2nd period - Icing by Connor McDavid.
4:03 of 2nd period - Eetu Luostarinen wins face-off versus Connor McDavid in ANCHORAGE ACES zone.
4:24 of 2nd period - Shot by Jason Zucker.
4:24 of 2nd period - Deflect By Wade Allison.
4:24 of 2nd period - Stopped by Darcy Kuemper without a rebound.
4:25 of 2nd period - Connor Bunnaman wins face-off versus Phillip Danault in ANCHORAGE ACES zone.
4:28 of 2nd period - Shot by Miles Wood.
4:28 of 2nd period - Shot Misses the Net.
4:42 of 2nd period - Shot by Miles Wood.
4:42 of 2nd period - Stopped by Darcy Kuemper without a rebound.
4:43 of 2nd period - Eetu Luostarinen wins face-off versus Charlie Coyle in ANCHORAGE ACES zone.
4:49 of 2nd period - Icing by Robert Bortuzzo.
4:50 of 2nd period - Charlie Coyle wins face-off versus Eetu Luostarinen in ANCHORAGE ACES zone.
5:02 of 2nd period - Icing by Nate Schmidt.
5:03 of 2nd period - Eetu Luostarinen wins face-off versus Phillip Danault in TEXAS TOROS zone.
5:03 of 2nd period - Eetu Luostarinen is hit by Josh Bailey.
5:18 of 2nd period - Minor Penalty to Ben Chiarot for Hooking.
5:19 of 2nd period - Connor Bunnaman wins face-off versus Charlie Coyle in ANCHORAGE ACES zone.
5:20 of 2nd period - Shot by Vince Dunn.
5:20 of 2nd period - Shot Misses the Net.
5:22 of 2nd period - Shot by Miles Wood.
5:22 of 2nd period - Shot Misses the Net.
5:24 of 2nd period - Shot by Tyson Barrie.
5:24 of 2nd period - Shot Misses the Net.
5:26 of 2nd period - Shot by Tyson Barrie.
5:26 of 2nd period - Stopped by Darcy Kuemper without a rebound.
5:27 of 2nd period - Eetu Luostarinen wins face-off versus Charlie Coyle in ANCHORAGE ACES zone.
5:58 of 2nd period - Shot by Tyson Barrie.
5:58 of 2nd period - Stopped by Darcy Kuemper without a rebound.
5:59 of 2nd period - Connor Bunnaman wins face-off versus Nate Thompson in ANCHORAGE ACES zone.
6:11 of 2nd period - Icing by Miles Wood.
6:12 of 2nd period - Nate Thompson wins face-off versus Connor Bunnaman in TEXAS TOROS zone.
6:24 of 2nd period - Off-side.
6:25 of 2nd period - Eetu Luostarinen wins face-off versus Charlie Coyle in neutral zone.
6:52 of 2nd period - Shot by Tyson Barrie.
6:52 of 2nd period - Stopped by Darcy Kuemper without a rebound.
6:53 of 2nd period - Nate Thompson wins face-off versus Jake Virtanen in ANCHORAGE ACES zone.
6:53 of 2nd period - Nate Thompson is hit by Jake Virtanen.
7:36 of 2nd period - Shot by Phillip Danault.
7:36 of 2nd period - Deflect By Nikolaj Ehlers.
7:36 of 2nd period - Shot Blocked by Madison Bowey.
7:43 of 2nd period - Icing by Nate Schmidt.
7:44 of 2nd period - Ryan Poehling wins face-off versus Connor McDavid in TEXAS TOROS zone.
8:08 of 2nd period - Shot by Nathan MacKinnon.
8:08 of 2nd period - Shot Misses the Net.
9:05 of 2nd period - Shot by Nikolaj Ehlers.
9:05 of 2nd period - Stopped by Mikko Koskinen without a rebound.
9:06 of 2nd period - Eetu Luostarinen wins face-off versus Charlie Coyle in TEXAS TOROS zone.
9:57 of 2nd period - Shot by Miles Wood.
9:57 of 2nd period - Stopped by Darcy Kuemper without a rebound.
9:58 of 2nd period - Phillip Danault wins face-off versus Connor Bunnaman in ANCHORAGE ACES zone.
10:17 of 2nd period - Shot by Nikolaj Ehlers.
10:17 of 2nd period - Shot Misses the Net.
10:41 of 2nd period - Shot by Nikolaj Ehlers.
10:41 of 2nd period - Stopped by Mikko Koskinen with a rebound.
11:17 of 2nd period - Shot by Nathan MacKinnon.
11:17 of 2nd period - Stopped by Mikko Koskinen with a rebound.
12:32 of 2nd period - Miles Wood is hit by Artturi Lehkonen and loses puck.
12:50 of 2nd period - Icing by Patrik Nemeth.
12:51 of 2nd period - Eetu Luostarinen wins face-off versus Nate Thompson in ANCHORAGE ACES zone.
12:51 of 2nd period - Eetu Luostarinen is hit by Patrik Nemeth.
13:07 of 2nd period - Shot by Jason Zucker.
13:07 of 2nd period - Deflect By Eetu Luostarinen.
13:07 of 2nd period - Shot Hit the Post.
13:09 of 2nd period - Shot by Jason Zucker.
13:09 of 2nd period - Shot Misses the Net.
13:13 of 2nd period - Shot by Wade Allison.
13:13 of 2nd period - Stopped by Darcy Kuemper without a rebound.
13:14 of 2nd period - Phillip Danault wins face-off versus Taro Hirose in ANCHORAGE ACES zone.
13:20 of 2nd period - Icing by Nikolaj Ehlers.
13:21 of 2nd period - Phillip Danault wins face-off versus Ryan Poehling in ANCHORAGE ACES zone.
14:06 of 2nd period - Taro Hirose is hit by Ben Chiarot and loses puck.
14:34 of 2nd period - Icing by Seth Jones.
14:35 of 2nd period - Phillip Danault wins face-off versus Alex Chiasson in ANCHORAGE ACES zone.
14:41 of 2nd period - Icing by Ben Chiarot.
14:42 of 2nd period - Phillip Danault wins face-off versus Alex Chiasson in ANCHORAGE ACES zone.
15:12 of 2nd period - Shot by Richard Panik.
15:12 of 2nd period - Stopped by Darcy Kuemper without a rebound.
15:13 of 2nd period - Artturi Lehkonen wins face-off versus Eetu Luostarinen in ANCHORAGE ACES zone.
15:13 of 2nd period - Artturi Lehkonen is hit by Wade Allison.
15:23 of 2nd period - Shot by Charlie Coyle.
15:23 of 2nd period - Stopped by Mikko Koskinen without a rebound.
15:24 of 2nd period - Connor McDavid wins face-off versus Ryan Poehling in TEXAS TOROS zone.
16:34 of 2nd period - Icing by Taylor Raddysh.
16:35 of 2nd period - Ryan Poehling wins face-off versus Nikolaj Ehlers in TEXAS TOROS zone.
16:37 of 2nd period - Icing by Taro Hirose.
16:38 of 2nd period - Ryan Poehling wins face-off versus Phillip Danault in TEXAS TOROS zone.
16:38 of 2nd period - Ryan Poehling is hit by Robert Bortuzzo.
17:38 of 2nd period - Icing by Charlie Coyle.
17:39 of 2nd period - Connor Bunnaman wins face-off versus Jordan Martinook in ANCHORAGE ACES zone.
19:49 of 2nd period - Shot by Nikolaj Ehlers.
19:49 of 2nd period - Stopped by Mikko Koskinen without a rebound.
19:50 of 2nd period - Nate Thompson wins face-off versus Alex Chiasson in TEXAS TOROS zone.
Goals for this period are 0 for ANCHORAGE ACES vs 0 for TEXAS TOROS.
Shots for this period are 6 for ANCHORAGE ACES vs 8 for TEXAS TOROS.

3rd period


0:01 of 3rd period - Connor McDavid wins face-off versus Eetu Luostarinen in neutral zone.
0:37 of 3rd period - Icing by Nathan MacKinnon.
0:38 of 3rd period - Connor Bunnaman wins face-off versus Connor McDavid in ANCHORAGE ACES zone.
1:19 of 3rd period - Icing by Dante Fabbro.
1:20 of 3rd period - Charlie Coyle wins face-off versus Connor Bunnaman in TEXAS TOROS zone.
1:31 of 3rd period - Shot by Artturi Lehkonen.
1:31 of 3rd period - Stopped by Mikko Koskinen with a rebound.
1:33 of 3rd period - Shot by Artturi Lehkonen.
1:33 of 3rd period - Shot Blocked by Dante Fabbro.
1:46 of 3rd period - Icing by Dante Fabbro.
1:47 of 3rd period - Phillip Danault wins face-off versus Connor Bunnaman in TEXAS TOROS zone.
2:04 of 3rd period - Shot by Nikolaj Ehlers.
2:04 of 3rd period - Shot Blocked by Gabriel Carlsson.
2:28 of 3rd period - Shot by Nikolaj Ehlers.
2:28 of 3rd period - Shot Misses the Net.
2:30 of 3rd period - Shot by Phillip Danault.
2:30 of 3rd period - Deflect By Nikolaj Ehlers.
2:30 of 3rd period - Stopped by Mikko Koskinen without a rebound.
2:31 of 3rd period - Connor McDavid wins face-off versus Eetu Luostarinen in TEXAS TOROS zone.
3:28 of 3rd period - Icing by Tyson Barrie.
3:29 of 3rd period - Phillip Danault wins face-off versus Eetu Luostarinen in TEXAS TOROS zone.
3:55 of 3rd period - Shot by Nikolaj Ehlers.
3:55 of 3rd period - Stopped by Mikko Koskinen without a rebound.
3:56 of 3rd period - Charlie Coyle wins face-off versus Taro Hirose in TEXAS TOROS zone.
4:17 of 3rd period - Shot by Artturi Lehkonen.
4:17 of 3rd period - Stopped by Mikko Koskinen with a rebound.
4:19 of 3rd period - Shot by Artturi Lehkonen.
4:19 of 3rd period - Shot Misses the Net.
4:31 of 3rd period - Shot by Artturi Lehkonen.
4:31 of 3rd period - Stopped by Mikko Koskinen with a rebound.
5:16 of 3rd period - Shot by Alex Chiasson.
5:16 of 3rd period - Stopped by Darcy Kuemper without a rebound.
5:17 of 3rd period - Phillip Danault wins face-off versus Alex Chiasson in ANCHORAGE ACES zone.
5:19 of 3rd period - Josh Bailey is hit by Mike Hardman and loses puck.
5:23 of 3rd period - Icing by Phillip Danault.
5:24 of 3rd period - Phillip Danault wins face-off versus Connor Bunnaman in ANCHORAGE ACES zone.
5:40 of 3rd period - Shot by Nikolaj Ehlers.
5:40 of 3rd period - Stopped by Mikko Koskinen without a rebound.
5:41 of 3rd period - Connor McDavid wins face-off versus Alex Chiasson in TEXAS TOROS zone.
5:46 of 3rd period - Shot by Connor McDavid.
5:46 of 3rd period - Shot Misses the Net.
5:48 of 3rd period - Shot by Nathan MacKinnon.
5:48 of 3rd period - Shot Blocked by Dante Fabbro.
6:17 of 3rd period - Icing by Dante Fabbro.
6:18 of 3rd period - Phillip Danault wins face-off versus Alex Chiasson in TEXAS TOROS zone.
6:19 of 3rd period - Shot by Nikolaj Ehlers.
6:19 of 3rd period - Goal by Nikolaj Ehlers - ANCHORAGE ACES : 2 - TEXAS TOROS : 0.
6:20 of 3rd period - Phillip Danault wins face-off versus Eetu Luostarinen in neutral zone.
6:55 of 3rd period - Wade Allison is hit by Nikolaj Ehlers and loses puck.
7:21 of 3rd period - Icing by Carl Gunnarsson.
7:22 of 3rd period - Phillip Danault wins face-off versus Connor Bunnaman in ANCHORAGE ACES zone.
7:28 of 3rd period - Icing by Nikolaj Ehlers.
7:29 of 3rd period - Connor Bunnaman wins face-off versus Phillip Danault in ANCHORAGE ACES zone.
8:10 of 3rd period - Shot by Nathan MacKinnon.
8:10 of 3rd period - Shot Misses the Net.
9:11 of 3rd period - Shot by Jason Zucker.
9:11 of 3rd period - Shot Misses the Net.
9:23 of 3rd period - Shot by Tyson Barrie.
9:23 of 3rd period - Shot Blocked by Zachary Werenski.
9:25 of 3rd period - Shot by Tyson Barrie.
9:25 of 3rd period - Shot Blocked by Nathan MacKinnon.
9:27 of 3rd period - Shot by Wade Allison.
9:27 of 3rd period - Stopped by Darcy Kuemper with a rebound.
10:07 of 3rd period - Shot by Richard Panik.
10:07 of 3rd period - Stopped by Darcy Kuemper without a rebound.
10:08 of 3rd period - Charlie Coyle wins face-off versus Connor Bunnaman in ANCHORAGE ACES zone.
10:18 of 3rd period - Icing by Miles Wood.
10:19 of 3rd period - Connor Bunnaman wins face-off versus Phillip Danault in TEXAS TOROS zone.
10:23 of 3rd period - Off-side.
10:24 of 3rd period - Phillip Danault wins face-off versus Ryan Poehling in neutral zone.
10:48 of 3rd period - Icing by Phillip Danault.
10:49 of 3rd period - Eetu Luostarinen wins face-off versus Phillip Danault in ANCHORAGE ACES zone.
10:55 of 3rd period - Josh Bailey is hit by Wade Allison and loses puck.
11:18 of 3rd period - Shot by Jason Zucker.
11:18 of 3rd period - Shot Blocked by Seth Jones.
11:52 of 3rd period - Shot by Jake Virtanen.
11:52 of 3rd period - Stopped by Darcy Kuemper without a rebound.
11:53 of 3rd period - Nate Thompson wins face-off versus Alex Chiasson in ANCHORAGE ACES zone.
14:12 of 3rd period - Shot by Taro Hirose.
14:12 of 3rd period - Shot Misses the Net.
14:16 of 3rd period - Shot by Taro Hirose.
14:16 of 3rd period - Stopped by Darcy Kuemper without a rebound.
14:17 of 3rd period - Chris Kreider wins face-off versus Alex Chiasson in ANCHORAGE ACES zone.
14:49 of 3rd period - Shot by Nathan MacKinnon.
14:49 of 3rd period - Shot Misses the Net.
16:43 of 3rd period - Shot by Artturi Lehkonen.
16:43 of 3rd period - Stopped by Mikko Koskinen without a rebound.
16:44 of 3rd period - Connor McDavid wins face-off versus Ryan Poehling in TEXAS TOROS zone.
17:06 of 3rd period - Shot by Nathan MacKinnon.
17:06 of 3rd period - Shot Blocked by Vince Dunn.
17:08 of 3rd period - Shot by Nathan MacKinnon.
17:08 of 3rd period - Shot Misses the Net.
17:10 of 3rd period - Shot by Nathan MacKinnon.
17:10 of 3rd period - Shot Blocked by Vince Dunn.
18:07 of 3rd period - Icing by Tyson Barrie.
18:08 of 3rd period - Connor McDavid wins face-off versus Ryan Poehling in TEXAS TOROS zone.
18:11 of 3rd period - Shot by Nathan MacKinnon.
18:11 of 3rd period - Stopped by Mikko Koskinen with a rebound.
18:13 of 3rd period - Shot by Connor McDavid.
18:13 of 3rd period - Stopped by Mikko Koskinen without a rebound.
18:14 of 3rd period - Phillip Danault wins face-off versus Eetu Luostarinen in TEXAS TOROS zone.
18:23 of 3rd period - Shot by Jason Zucker.
18:23 of 3rd period - Deflect By Wade Allison.
18:23 of 3rd period - Goal by Wade Allison - ANCHORAGE ACES : 2 - TEXAS TOROS : 1.
18:24 of 3rd period - Connor McDavid wins face-off versus Connor Bunnaman in neutral zone.
18:29 of 3rd period - Shot by Connor McDavid.
18:29 of 3rd period - Deflect By Chris Kreider.
18:29 of 3rd period - Stopped by Mikko Koskinen without a rebound.
18:30 of 3rd period - Connor McDavid wins face-off versus Eetu Luostarinen in TEXAS TOROS zone.
19:02 of 3rd period - TEXAS TOROS, Mikko Koskinen is pulled from the net.
19:07 of 3rd period - Shot by Eetu Luostarinen.
19:07 of 3rd period - Shot Misses the Net.
19:22 of 3rd period - Icing by Nathan MacKinnon.
19:23 of 3rd period - Taro Hirose wins face-off versus Connor McDavid in ANCHORAGE ACES zone.
19:28 of 3rd period - Shot by Tyson Barrie.
19:28 of 3rd period - Shot Misses the Net.
19:34 of 3rd period - Shot by Tyson Barrie.
19:34 of 3rd period - Stopped by Darcy Kuemper without a rebound.
19:35 of 3rd period - Eetu Luostarinen wins face-off versus Phillip Danault in ANCHORAGE ACES zone.
19:35 of 3rd period - Eetu Luostarinen is hit by Patrik Nemeth.
Goals for this period are 1 for ANCHORAGE ACES vs 1 for TEXAS TOROS.
Shots for this period are 11 for ANCHORAGE ACES vs 7 for TEXAS TOROS.


NATHAN
MACKINNON
PHILLIP
DANAULT
CONNOR
MCDAVID

EAST COAST

HOCKEY LEAGUE

  • 25.QUE4CHI5
  • 26.CHA2LIM3
  • 27.TRV2LON3
  • 28.CHW4BAL2
  • 29.PITMAN
  • 30.ATLNHW
  • 31.WORPET
  • 32.RHI